 Dungeon Crawl Stone Soup version 0.26.1-11-gd32895ea62 (webtiles) character file.

Game seed: 11500636201284635602

784 Arcadio the Covert (level 7, -5/45 HPs)
             Began as an Octopode Brigand on May 22, 2021.
             Was an Initiate of Fedhas.
             Killed from afar by a steam dragon (15 damage)
             ... with a ball of steam
             ... on level 7 of the Dungeon.
             The game lasted 00:09:31 (6945 turns).

Arcadio the Covert (Octopode Brigand)               Turns: 6945, Time: 00:09:32

Health: -5/45      AC:  1    Str: 10    XL:     7   Next: 86%
Magic:  7/7        EV: 13    Int: 14    God:    Fedhas [......]
Gold:   276        SH:  0    Dex: 15    Spells: 6/6 levels left

rFire    . . .     SeeInvis .   a - +3 dagger
rCold    + . .     Faith    .   (no shield)
rNeg     . . .     Spirit   .   (helmet restricted)
rPois    .         Reflect  .   n - amulet of regeneration
rElec    .         Harm     .   o - ring of ice
rCorr    .         Rampage  .   y - ring of protection from fire
Will     +....                  C - ring of willpower
Stlth    +++++.....             F - ring of flight
HPRegen  0.55/turn              (no ring)
MPRegen  0.10/turn              (no ring)
                                (no ring)
                                (no ring)

@: no status effects
A: almost no armour, stealthy swim, amphibious, 8 rings, constrict 8, camouflage
1, gelatinous body 1
a: Renounce Religion, Evoke Flight


You were on level 7 of the Dungeon.
You worshipped Fedhas.
Fedhas was noncommittal.
You visited 2 branches of the dungeon, and saw 8 of its levels.

You collected 276 gold pieces.

Inventory:

Hand Weapons
 a - a +3 dagger (weapon)
 x - the +5 flail of the Thieving Pill Bug {vorpal, rF+ Int+4, unknown}
   (You found it on level 4 of the Dungeon)

   It inflicts extra damage upon your enemies.
   It affects your intelligence (+4).
   It protects you from fire.
Missiles
 b - 8 poisoned darts (quivered)
 c - 2 curare-tipped darts
 e - 4 atropa-tipped darts
Armour
 E - a +2 buckler
Jewellery
 n - an amulet of regeneration (around mantle)
 o - a ring of ice (left tentacle)
 y - a ring of protection from fire (right tentacle)
 C - a ring of willpower (on tentacle)
 F - a ring of flight (on tentacle)
Wands
 t - a wand of flame (16)
 z - a wand of digging (5)
Scrolls
 g - a scroll of enchant armour
 h - 3 scrolls of remove curse
 k - 2 scrolls of amnesia
 v - a scroll of random uselessness {unknown}
 w - a scroll of immolation
 A - a scroll of identify
Potions
 d - a potion of invisibility {unknown}
 f - 4 potions of flight
 j - a potion of mutation {unknown}
 l - 2 potions of brilliance
 m - a potion of experience {unknown}
 q - 2 potions of curing
 r - 2 potions of might
 D - 3 potions of haste
 G - a potion of heal wounds {unknown}


   Skills:
 - Level 2.0 Fighting
 + Level 6.3 Short Blades
 - Level 2.0 Throwing
 - Level 1.0 Dodging
 + Level 10.0 Stealth


You had 6 spell levels left.
You didn't know any spells.
Your spell library was empty.

Dungeon Overview and Level Annotations

Branches:
Dungeon (7/15)             Temple (1/1) D:6

Altars:
Ashenzari
Cheibriados
Dithmenos
Elyvilon
Fedhas
Gozag
Hepliaklqana
Kikubaaqudgha
Makhleb
Nemelex Xobeh
Okawaru
Qazlal
Ru
Sif Muna
Trog
Uskayaw
Vehumet
Wu Jian
Xom
Yredelemnul
Zin
The Shining One

Shops:
D:6 :


Innate Abilities, Weirdness & Mutations

You cannot wear most types of armour.
You are very stealthy in the water. (Stealth+)
You are amphibious.
You can wear up to eight rings at the same time.
You can use your tentacles to constrict eight enemies at once.
Your skin changes colour to match your surroundings (Stealth+).
Your rubbery body absorbs attacks. (AC +1, EV +1)


Message History

You squeeze the steam dragon!
The steam dragon is severely wounded.
The steam dragon misses you. The steam dragon claws you.
You hit the steam dragon.
The steam dragon is severely wounded.
The steam dragon bites you. The steam dragon claws you.
* * * LOW HITPOINT WARNING * * *
You barely miss the steam dragon.
The steam dragon is severely wounded.
You hit the steam dragon. You squeeze the steam dragon.
The steam dragon is almost dead.
The steam dragon bites you!
* * * LOW HITPOINT WARNING * * *
The steam dragon claws you.
* * * LOW HITPOINT WARNING * * *
You feel better. The steam dragon breathes steam at you.
The ball of steam hits you!
You die...
Fedhas appreciates your contribution to the ecosystem.

***###
#,,..#******************
#.##.#,,,,,,,,,**,,,,,,,
#.#..#,****#**,,,,**8***
*....#,,,,.###,***8∩,,,,
**#..#####...#.*******8*
#..##........,,,,,,,,,
#.....DZ.....*********
*****#....@#..D.#.,,*.#,.#,
*,,,,#.#...#,####,*,*.#,.#,
**,*,#.#...#,#,,,,,,*.#..#,
*,*,#.#...#.#,**,***.#..#,
*,*,#$......#,,,,,,,..,.*.
*#.#.###...#...,,****[#(##.
*..........#.#*****##.#....
*#.#####.#......,,,#<#.#.#,
**,****###.####.*,#.#.#.#,*


You could see a steam dragon (catching breath) and a water moccasin skeleton.

Vanquished Creatures
  2 howler monkeys
  2 hounds (D:5)
  A bullfrog skeleton (D:7)
  3 orc priests (D:5)
  An iguana (D:6)
  Natasha (thrice) (D:3)
  Terence (D:2)
  5 worker ants
  A hound skeleton (D:5)
  2 howler monkey zombies
  4 gnolls (D:3)
  8 adders
  2 shadow imps (D:5)
  3 white imps
  3 ufetubi (D:5)
  A worm (D:2)
  A dart slug (D:1)
  3 leopard geckos
  7 orcs (D:5)
  5 bats
  4 giant cockroaches
  3 goblins
  4 hobgoblins
  14 jackals
  7 kobolds
  2 quokkas (D:5)
  A ball python (D:2)
  5 frilled lizards
  A leopard gecko zombie (D:6)
  A quokka skeleton (D:4)
  4 rats
104 creatures vanquished.

Notes
Turn   | Place    | Note
-------+----------+-------------------------------------------
     0 | D:1      | Arcadio the Octopode Brigand began the quest for the Orb.
     0 | D:1      | Reached XP level 1. HP: 14/14 MP: 1/1
    44 | D:1      | Reached XP level 2. HP: 7/19 MP: 2/2
   698 | D:1      | Reached skill level 6 in Stealth
   965 | D:2      | Reached XP level 3. HP: 24/24 MP: 3/3
  2503 | D:2      | Noticed Terence
  2519 | D:2      | Killed Terence
  2520 | D:2      | Reached XP level 4. HP: 7/29 MP: 4/4
  2979 | D:3      | Noticed Natasha
  2990 | D:3      | Killed Natasha
  3136 | D:3      | Noticed Natasha
  3149 | D:3      | Killed Natasha
  3150 | D:3      | Reached skill level 7 in Stealth
  3150 | D:3      | Reached XP level 5. HP: 20/34 MP: 5/5
  3494 | D:3      | Found a glowing golden altar of the Shining One.
  3617 | D:3      | Noticed Natasha
  3628 | D:3      | Killed Natasha
  4422 | D:4      | Reached XP level 6. HP: 39/39 MP: 6/6
  4453 | D:4      | Reached skill level 8 in Stealth
  4826 | D:4      | Got an ebony flail
  5179 | D:5      | Entered Level 5 of the Dungeon
  5208 | D:5      | Reached skill level 5 in Short Blades
  5291 | D:5      | Reached XP level 7. HP: 31/45 MP: 7/7
  5363 | D:5      | Reached skill level 9 in Stealth
  6265 | D:6      | Found a staircase to the Ecumenical Temple.
  6289 | Temple   | Entered the Ecumenical Temple
  6392 | Temple   | Became a worshipper of Fedhas Madash
  6477 | D:6      | Found Cifuqebb's Book Emporium.
  6563 | D:6      | Found a shimmering altar of Xom.
  6565 | D:6      | Found a shimmering altar of Xom.
  6565 | D:6      | Found a shimmering altar of Xom.
  6565 | D:6      | Found a shimmering altar of Xom.
  6565 | D:6      | Found a shimmering altar of Xom.
  6567 | D:6      | Found a shimmering altar of Xom.
  6932 | D:7      | Reached skill level 10 in Stealth
  6932 | D:7      | Noticed a steam dragon
  6945 | D:7      | Killed from afar by a steam dragon

Illustrated notes

Levels and vault maps discovered:
D:1:      ncdulo_lavacross, layout_basic
D:2:      layout_loops_cross, uniq_terence
D:3:      layout_loops_ring, nicolae_overflow_crystal_walls, uniq_natasha
D:4:      layout_loops_ring
D:5:      layout_loops_cross, amcnicky_mini_pool_small
D:6:      layout_cave_pools, xom_redecorated, minmay_temple_entry_butterflies,
          serial_shops, shop
D:7:      layout_basic, basic_altar, enter_bailey_8, lemuel_angel_altar
Temple:   regret_index_temple_chain_breaker

Skill      XL: |  1  2  3  4  5  6  7 |
---------------+----------------------+-----
Stealth        | 6 7 8 10 | 10.0
Short Blades   | 3 4 5 6 |  6.3
Fighting       | |  2.0
Throwing       | |  2.0
Dodging        | |  1.0

Action                   |  1- 3 |  4- 6 |  7- 9 || total
-------------------------+-------+-------+-------++-------
Melee: Dagger            |    72 |   110 |   101 ||   283
       Constrict         |    15 |    25 |    20 ||    60
       Tentacles         |    12 |    26 |    21 ||    59
  Use: Scroll            |     2 |     4 |    10 ||    16
       Potion            |       |       |     1 ||     1
 Stab: Sleeping          |     8 |    12 |     9 ||    29
       Distracted        |       |     1 |       ||     1
Armor: Skin              |     2 |     5 |     4 ||    11
Dodge: Dodged            |    31 |    58 |    38 ||   127
